 Dungeon Crawl Stone Soup version 0.26-a0-667-g92642533e4 (webtiles) character file.

Game seed: 3243923673799841776

513 lunkers the Chopper (level 7, -7/49 HPs)
             Began as an Octopode Fighter on Oct 16, 2020.
             Was a Believer of Uskayaw.
             Killed from afar by Dowan (11 damage)
             ... with a puff of frost
             ... on level 5 of the Dungeon.
             The game lasted 00:05:50 (4833 turns).

lunkers the Chopper (Octopode Fighter)              Turns: 4833, Time: 00:05:50

Health: -7/49      AC:  1    Str: 16    XL:     7   Next: 20%
Magic:  7/7        EV: 12    Int: 10    God:    Uskayaw [**....]
Gold:   226        SH:  9    Dex: 13    Spells: 6/6 levels left

rFire    + . .     SeeInvis .   a - +0 war axe
rCold    . . .     Faith    .   b - +0 kite shield
rNeg     . . .     Spirit   .   (helmet restricted)
rPois    .         Reflect  .   (no amulet)
rElec    .         Harm     .   o - ring of protection from fire
rCorr    .         Rampage  .   (no ring)
MR       .....                  (no ring)
Stlth    ++........             (no ring)
HPRegen  0.16/turn              (no ring)
MPRegen  0.10/turn              (no ring)
                                (no ring)
                                (no ring)

@: no status effects
A: almost no armour, stealthy swim, amphibious, 8 rings, constrict 8, camouflage
1, gelatinous body 1
a: Stomp, Line Pass, Renounce Religion


You were on level 5 of the Dungeon.
You worshipped Uskayaw.
Uskayaw was noncommittal.
You visited 2 branches of the dungeon, and saw 6 of its levels.

You collected 226 gold pieces.

Inventory:

Hand Weapons
 a - a +0 war axe (weapon)
Armour
 b - a +0 kite shield (worn)
Jewellery
 o - a ring of protection from fire (left tentacle)
 p - an uncursed ring of fire
Wands
 r - a wand of polymorph (4)
 u - a wand of random effects (21)
Scrolls
 e - 3 scrolls of amnesia {unknown}
 g - 3 scrolls of enchant weapon {unknown}
 h - a scroll of fog {unknown}
 j - 2 scrolls of fear {unknown}
 m - 2 scrolls of identify {unknown}
 n - 2 scrolls of immolation {unknown}
 q - 2 scrolls of teleportation {unknown}
 s - 2 scrolls of remove curse {unknown}
 t - a scroll of enchant armour {unknown}
Potions
 c - a potion of might
 d - 2 potions of cancellation {unknown}
 f - 4 potions of curing {unknown}
 i - a potion of invisibility {unknown}
 k - 2 potions of heal wounds {unknown}
 l - a potion of ambrosia {unknown}


   Skills:
 + Level 4.7 Fighting
 * Level 5.5 Axes
 - Level 3.0 Dodging
 + Level 4.7 Shields


You had 6 spell levels left.
You didn't know any spells.
Your spell library contained the following spells:

 Spells                   Type           Power        Failure   Level
 Magic Dart               Conj           #...         82%         1
 Searing Ray              Conj           #.....       91%         2
 Dazzling Flash           Conj/Hex       #.....       99%         3
 Fulminant Prism          Conj/Hex       #.........   100%        4
 Iskenderun's Mystic Bla  Conj/Tloc      #.......     100%        4


Dungeon Overview and Level Annotations

Branches:
Dungeon (5/15)             Temple (1/1) D:4

Altars:
Ashenzari
Cheibriados
Dithmenos
Elyvilon
Fedhas
Gozag
Hepliaklqana
Nemelex Xobeh
Okawaru
Ru
Sif Muna
Trog
Uskayaw
Vehumet
Wu Jian
Lugonu

Annotations:
D:5 Dowan, Duvessa


Innate Abilities, Weirdness & Mutations

You cannot wear most types of armour.
You are very stealthy in the water. (Stealth+)
You are amphibious.
You can wear up to eight rings at the same time.
You can use your tentacles to constrict eight enemies at once.
Your skin changes colour to match your surroundings (Stealth+).
Your rubbery body absorbs attacks. (AC +1, EV +1)


Message History

You closely miss Dowan. Duvessa hits you with a +0 short sword.
* * * LOW HITPOINT WARNING * * *
Duvessa says, "Beauty is only skin deep, and my weapons penetrate much further than that."
You block Duvessa's attack. Dowan hits you with a +0 dagger.
* * * LOW HITPOINT WARNING * * *
You closely miss Duvessa. Your grab misses Duvessa.
Your squeeze misses Duvessa.
Duvessa is moderately wounded.
You hit Dowan but do no damage. You block Duvessa's attack.
You block Dowan's attack. Duvessa hits you with a +0 short sword.
* * * LOW HITPOINT WARNING * * *
Evoke which item? (* to show all) (? for menu, Esc to quit)
Aiming: Polymorph
Press: ? - help, Shift-Dir - straight line, f - Duvessa
Aim: Duvessa, wielding a +0 short sword and wearing a +0 ring mail (moderately wounded, fast, chance to defeat MR: 28%) Duvessa easily resists.
Duvessa hits you with a +0 short sword!
* * * LOW HITPOINT WARNING * * *
Dowan casts a spell at you. The puff of frost hits you!
You die...

############ +..........#
#.....e....# #....@†...[#
#...##e..### #########...#
...# +...........# ...+
#....)......# ...#
#...........# ...# ......#
#.....####### ##.# ......#
#.....##....####.####.....#
#.....##............#.....#


You could see Duvessa (fast) and Dowan.

Vanquished Creatures
  Menkaure (Temple)
  A hound (D:5)
  An orc priest (D:4)
  Jessica (D:2)
  4 orc wizards
  A worker ant (D:4)
  A hound skeleton (D:4)
  4 adders
  An ooze (D:2)
  2 worms
  5 dart slugs
  5 leopard geckos
  16 orcs
  2 ball pythons (D:3)
  7 bats
  3 giant cockroaches (D:1)
  6 goblins
  14 hobgoblins
  3 jackals (D:4)
  2 quokkas (D:3)
  2 frilled lizards
  8 kobolds
  12 rats
102 creatures vanquished.

Vanquished Creatures (others)
  2 demonic plants (Temple)
2 creatures vanquished.

Grand Total: 104 creatures vanquished

Notes
Turn   | Place    | Note
-------+----------+-------------------------------------------
     0 | D:1      | lunkers the Octopode Fighter began the quest for the Orb.
     0 | D:1      | Reached XP level 1. HP: 16/16 MP: 1/1
    74 | D:1      | Reached XP level 2. HP: 19/21 MP: 2/2
   398 | D:1      | Reached XP level 3. HP: 23/26 MP: 3/3
   655 | D:2      | Reached skill level 3 in Axes
   777 | D:2      | Reached XP level 4. HP: 22/31 MP: 4/4
  1202 | D:2      | Noticed Jessica
  1211 | D:2      | Killed Jessica
  1421 | D:2      | Reached XP level 5. HP: 37/37 MP: 5/5
  1494 | D:3      | Found a hide-covered altar of Uskayaw.
  1516 | D:3      | Became a worshipper of Uskayaw the Reveler
  1747 | D:3      | Reached * piety under Uskayaw
  1753 | D:3      | Reached ** piety under Uskayaw
  1904 | D:3      | Found a shadowy altar of Dithmenos.
  1919 | D:3      | Found a snail-covered altar of Cheibriados.
  1937 | D:3      | Reached skill level 4 in Axes
  2014 | D:3      | Found an ornate altar of the Wu Jian Council.
  2017 | D:3      | Found a radiant altar of Vehumet.
  2179 | D:3      | Found a shimmering blue altar of Sif Muna.
  3413 | D:4      | Found a sacrificial altar of Ru.
  3542 | D:4      | Reached XP level 6. HP: 42/43 MP: 6/6
  3568 | D:4      | Found a staircase to the Ecumenical Temple.
  3576 | Temple   | Entered the Ecumenical Temple
  3925 | D:4      | Noticed Menkaure
  3930 | Temple   | Reached *** piety under Uskayaw
  4161 | Temple   | Killed Menkaure
  4161 | Temple   | Reached skill level 5 in Axes
  4218 | D:4      | Reached XP level 7. HP: 31/49 MP: 7/7
  4405 | D:4      | Found a hazy altar of Hepliaklqana.
  4769 | D:5      | Entered Level 5 of the Dungeon
  4824 | D:5      | Noticed Duvessa
  4824 | D:5      | Noticed Dowan
  4833 | D:5      | Killed from afar by Dowan

Illustrated notes

Levels and vault maps discovered:
D:1:      ncdulo_watergridlock, layout_rooms
D:2:      layout_basic, dk_vineyard_2, minmay_misc_feat_square, uniq_jessica
D:3:      layout_basic, chequers_temple_overflow_statue_of_worship,
          nicolae_dithmenos_shadow_blocks, overflow_temple_1_default,
          cheibriados_altar_1, chequers_decorated_corner, lemuel_blue_sif_altar
D:4:      layout_basic, nicolae_overflow_hidden_temple, kennysheep_little_box,
          temple_statues, kennysheep_big_empty_room, uniq_menkaure
D:5:      layout_gridville, chequers_mini_garden, uniq_duvessa
Temple:   corrupted_temple

Skill      XL: |  1  2  3  4  5  6 |
---------------+-------------------+-----
Axes           | 3 4 5 |  5.5
Fighting       | 4 |  4.7
Shields        | 4 |  4.7
Dodging        | |  3.0

Action                   |  1- 3 |  4- 6 |  7- 9 || total
-------------------------+-------+-------+-------++-------
Melee: War axe           |    54 |   111 |    12 ||   177
       Constrict         |    18 |    31 |     3 ||    52
       Tentacles         |     7 |    16 |     3 ||    26
Evoke: Wand              |       |       |     1 ||     1
 Stab: Sleeping          |     4 |     7 |       ||    11
       Distracted        |       |     1 |       ||     1
       Paralysed         |       |     1 |       ||     1
Armor: Skin              |     4 |     2 |       ||     6
Dodge: Dodged            |    21 |    39 |     5 ||    65
Block: Kite shield       |    16 |    47 |    11 ||    74

Table legend: (Time is in decaauts)
 A = Elapsed time spent in this place.
 B = Non-inter-level travel time spent in this place.
 C = Inter-level travel time spent in this place.
 D = Time resting spent in this place.
 E = Time spent auto-exploring this place.
 F = Levels seen in this place.
 G = Mean time per level.
                   A        B        C        D        E       F      G
               +--------+--------+--------+--------+--------+-----+--------+
         Total |   4903 |   4793 |    110 |    293 |   3916 |   6 |  817.2 |
       Dungeon |   4278 |   4168 |    110 |      0 |   3635 |   5 |  855.6 |
        Temple |    625 |    625 |      0 |    293 |    281 |   1 |  625.0 |
               +--------+--------+--------+--------+--------+-----+--------+

Top non-repeatable levels by time:
     D:3: 1564 daAuts
     D:4: 1119 daAuts
     D:2: 860 daAuts
     D:1: 667 daAuts
  Temple: 625 daAuts
     D:5: 66 daAuts
